AoeStats
← DanV0123

Arabia

510113633Analyzed
1v1 RM · 3d ago on Sep 29, 2026· 78m 29s· 2 players
Game mode
Random Map
Map size
Tiny (2 player)
Population
200
Speed
Normal
Resources
Standard
Victory
Conquest
Starting age
Dark Age
Ending age
Imperial Age
RankedLock teamsTeams togetherTeam positionsShared explorationLock speedFull tech treeHidden civsTurbo modeCheats
Victory
Defeat
🇦🇷 Dravidians · Argentina
1147
+16
🇪🇸 Maya · Spain
1137
-16
DanV0123
8:54 Loom
10:39 Feudal Age
14:24 Double-Bit Axe
16:02 Fletching
18:44 Wheelbarrow
18:32 Padded Archer Armor
22:45 Castle Age
21:24 Forging
21:22 Gold Mining
22:54 Scale Mail Armor
24:33 Crossbowman
26:20 Pikeman
28:01 Squires
27:47 Arson
27:23 Eagle Warrior
28:41 Iron Casting
33:23 Stone Mining
41:17 Chain Mail Armor
40:57 Bodkin Arrow
41:18 Leather Archer Armor
48:09 Imperial Age
49:26 Bow Saw
58:50 Bracer
59:16 Ballistics
66:50 Man-at-Arms
70:27 Ring Archer Armor
76:19 Elite Eagle Warrior
76:33 Elite Skirmisher
77:47 Plate Mail Armor
78:18 Blast Furnace
RichardTexTex
7:32 Loom
9:54 Feudal Age
10:07 Man-at-Arms
14:53 Double-Bit Axe
19:12 Castle Age
18:01 Fletching
18:25 Horse Collar
20:27 Elite Skirmisher
24:26 Padded Archer Armor
24:30 Long Swordsman
25:33 Forging
25:30 Gambesons
26:51 Scale Mail Armor
29:30 Gold Mining
30:16 Chain Mail Armor
31:22 Bodkin Arrow
32:31 Arson
35:17 Leather Archer Armor
36:57 Light Cavalry
43:01 Imperial Age
41:22 Scale Barding Armor
49:23 Chain Barding Armor
49:49 Iron Casting
53:15 Town Watch
53:07 Two-Handed Swordsman
54:33 Champion
76:31 Squires
79:47 Blast Furnace
Connection lost

Rejoining the realm…

Still unreachable

The connection could not be restored.

Session expired

The server has moved on; the page needs a fresh start.